 Dungeon Crawl Stone Soup version 0.30-a0-719-gcc4359ea44 (webtiles) character file.

Game seed: 2498954279207754260

104 Arximoufas the Digger (level 5, -3/35 HPs)
             Began as a Formicid Earth Elementalist on Jan 26, 2023.
             Slain by an iguana (12 damage)
             ... on level 3 of the Dungeon.
             The game lasted 00:09:19 (2954 turns).

Arximoufas the Digger (Formicid Earth Elementalist) Turns: 2954, Time: 00:09:20

Health: -3/35      AC:  2    Str: 13    XL:     5   Next: 7%
Magic:  2/8        EV: 12    Int: 16    God:
Gold:   107        SH:  0    Dex: 14    Spells: 8/9 levels left

rFire   . . .      SeeInvis +    p - staff of air
rCold   . . .      Faith    .    (no shield)
rNeg    . . .      Spirit   .    a - +0 robe
rPois   .          Reflect  .    (helmet unavailable)
rElec   +          Harm     .    (no cloak)
rCorr   .          Rampage  .    (no gloves)
Will    .....                    (no boots)
Stlth   ++                       (no amulet)
HPRegen 0.25/turn                (no ring)
MPRegen 0.11/turn                (no ring)

@: no status effects
A: permanent stasis, dig shafts and tunnels, antennae 3, four strong arms
a: Dig, Shaft Self


You were on level 3 of the Dungeon.
You visited 1 branch of the dungeon, and saw 3 of its levels.

You collected 107 gold pieces.

Inventory:

Armour
 a - a +0 robe (worn)
 e - a +0 scale mail
Magical Staves
 p - a staff of air (weapon)
Jewellery
 m - a ring of fire
Scrolls
 d - 2 scrolls of blinking {unknown}
 f - a scroll of teleportation {unknown}
 i - a scroll of amnesia {unknown}
 k - 2 scrolls of identify {unknown}
Potions
 b - 2 potions of magic
 c - a potion of resistance {unknown}
 g - 2 potions of invisibility {unknown}
 h - 3 potions of haste {unknown}
 j - 2 potions of might {unknown}
 l - 2 potions of degeneration {unknown}
 n - a potion of mutation {unknown}
 o - a potion of brilliance {unknown}


   Skills:
 - Level 1.7 Dodging
 + Level 3.6 Stealth
 + Level 2.5 Spellcasting
 * Level 3.3 Transmutations
 + Level 4.4 Earth Magic


You had 8 spell levels left.
You knew the following spells:

 Your Spells              Type           Power      Damage    Failure   Level
a - Sandblast             Erth           32%        2d9       3%          1

Your spell library contained the following spells:

 Spells                   Type           Power      Damage    Failure   Level
 Passwall                 Tmut/Erth      11%        N/A       6%          2
 Stone Arrow              Conj/Erth      18%        3d8       24%         3
 Ensorcelled Hibernation  Hex/Ice        4%         N/A       30%         2
 Petrify                  Tmut/Erth      14%        N/A       36%         4
 Swiftness                Air            Unusable   N/A       N/A         3

Dungeon Overview and Level Annotations

Branches:
Dungeon (3/15)

Altars:


Innate Abilities, Weirdness & Mutations

You cannot be hasted, slowed, berserked, paralysed or teleported.
You can dig through walls and to a lower floor.
You have a pair of large antennae on your head. (SInv)
Your four strong arms can wield two-handed weapons with a shield.


Message History

The iguana bites you!
Aiming: Sandblast (safe; 3% risk of failure)
Press: ? - help, Q - select action, (/) - cycle Shift-Dir - straight line, f/p - iguana
Aim: an iguana (heavily wounded, 84% to hit)
The blast of sand hits the iguana but does no damage.
The iguana is heavily wounded.
The iguana closely misses you. The iguana bites you!
Aiming: Sandblast (safe; 3% risk of failure)
Press: ? - help, Q - select action, (/) - cycle Shift-Dir - straight line, f/p - iguana
Aim: an iguana (heavily wounded, 84% to hit)
The blast of sand hits the iguana.
The iguana is severely wounded.
The iguana barely misses you. The iguana attacks as you move away!
The iguana bites you. The iguana attacks as you move away!
The iguana bites you.
A hobgoblin comes into view.
You see here a frilled lizard corpse.
Aiming: Sandblast (safe; 3% risk of failure)
Press: ? - help, Q - select action, (/) - cycle Shift-Dir - straight line, f/p - iguana
Aim: an iguana (severely wounded, 84% to hit)
The blast of sand hits the iguana.
The iguana is almost dead.
The iguana barely misses you. x2
Aiming: Sandblast (safe; 3% risk of failure)
Press: ? - help, Q - select action, (/) - cycle Shift-Dir - straight line, f/p - iguana
Aim: an iguana (almost dead, 84% to hit)
The blast of sand hits the iguana but does no damage.
The iguana is almost dead.
The iguana bites you.
* * * LOW HITPOINT WARNING * * *
The iguana attacks as you move away! The iguana barely misses you.
You see here an adder corpse.
Aiming: Sandblast (safe; 3% risk of failure)
Press: ? - help, Q - select action, (/) - cycle Shift-Dir - straight line, f/p - iguana
Aim: an iguana (almost dead, 84% to hit)
The blast of sand hits the iguana but does no damage.
The iguana is almost dead.
The iguana bites you but does no damage.
The iguana bites you!
You die...

#.# #.#
###########.#
#.........†.#
#.########### #.#
#.# ####### #.#
#..)..# #.# #..#@.#
#.# #..#l.#{ #.#
#†.#g.# #.# ##.##.##
#.# #..#..#
#.########..#..#
#..).....#..#..#
#####.......#..)..#
#........###########


You could see an iguana and a hobgoblin.

Vanquished Creatures
  3 adders
  A worm (D:2)
  3 dart slugs
  2 orcs (D:3)
  3 endoplasms (D:1)
  A giant cockroach (D:3)
  7 hobgoblins
  6 jackals
  6 kobolds
  4 quokkas
  2 ball pythons
  6 bats
  6 frilled lizards
  5 goblins
  6 rats
61 creatures vanquished.

Vanquished Creatures (others)
  A kraken (D:1)
  A minotaur (D:1)
  A demonspawn (D:1)
  A troll (D:1)
  A spriggan (D:1)
  8 tentacles (D:1)
13 creatures vanquished.

Grand Total: 74 creatures vanquished

Notes
Turn   | Place    | Note
-------+----------+-------------------------------------------
     0 | D:1      | Arximoufas the Formicid Earth Elementalist began the quest
                  | for the Orb.
     0 | D:1      | Reached XP level 1. HP: 13/13 MP: 3/3
     0 | D:1      | Noticed a demonspawn
     0 | D:1      | Noticed a spriggan
     0 | D:1      | Noticed a vine stalker
     0 | D:1      | Noticed a troll
     0 | D:1      | Noticed a dwarf
     0 | D:1      | Noticed a demonspawn
     0 | D:1      | Noticed an elf
     0 | D:1      | Noticed a kraken
     0 | D:1      | Noticed an elf
     0 | D:1      | Noticed a ghoul
     0 | D:1      | Noticed a spriggan
     0 | D:1      | Noticed a vine stalker
     0 | D:1      | Noticed a minotaur
     3 | D:1      | Killed a spriggan
     6 | D:1      | Killed a demonspawn
     8 | D:1      | Killed a minotaur
    13 | D:1      | Killed a troll
    14 | D:1      | Killed a kraken
   477 | D:1      | Reached XP level 2. HP: 19/19 MP: 3/5
   774 | D:1      | Reached XP level 3. HP: 24/24 MP: 3/6
   785 | D:1      | Reached skill level 4 in Earth Magic
  1360 | D:2      | Found a faded altar of an unknown god.
  1560 | D:2      | Reached XP level 4. HP: 23/30 MP: 0/7
  2901 | D:3      | Reached XP level 5. HP: 32/35 MP: 4/8
  2954 | D:3      | Slain by an iguana

Illustrated notes

Levels and vault maps discovered:
D:1:      nicolae_arrival_kraken_aquarium_a, layout_loops_ring,
          nicolae_kite_square_tiling_tiny
D:2:      layout_basic, nicolae_ecumenical_oubliette
D:3:      minmay_angry_zag, layout_loops_ring, uniq_crazy_yiuf_cottage,
          uniq_grinder

Skill      XL: |  1  2  3  4 |
---------------+-------------+-----
Transmutations | 2 3 |  3.3
Stealth        | 3 |  3.6
Earth Magic    | 4 |  4.4
Dodging        | |  1.7
Spellcasting   | |  2.5

Action                     |  1- 3 |  4- 6 || total
---------------------------+-------+-------++-------
  Melee: Unarmed           |       |     1 ||     1
   Cast: Sandblast         |    59 |    47 ||   106
 Armour: Robe              |     4 |     4 ||     8
  Dodge: Dodged            |    19 |    15 ||    34

Table legend: (Time is in decaauts)
 A = Elapsed time spent in this place.
 B = Non-inter-level travel time spent in this place.
 C = Inter-level travel time spent in this place.
 D = Time resting spent in this place.
 E = Time spent auto-exploring this place.
 F = Levels seen in this place.
 G = Mean time per level.
                   A        B        C        D        E       F      G
               +--------+--------+--------+--------+--------+-----+--------+
         Total |   3005 |   2887 |    118 |   1388 |    924 |   3 | 1001.7 |
       Dungeon |   3005 |   2887 |    118 |   1388 |    924 |   3 | 1001.7 |
               +--------+--------+--------+--------+--------+-----+--------+

Top non-repeatable levels by time:
     D:1: 1423 daAuts
     D:2: 1205 daAuts
     D:3: 376 daAuts
